 Dungeon Crawl Stone Soup version 0.24-a0-443-g80245de385 (webtiles) character file.

Game seed: 9077434625032712071

23295 HAL9000 the Fighter (level 12, -4/112 (113) HPs)
             Began as a Red Draconian Transmuter on June 21, 2019.
             Was an Initiate of Ru.
             Slain by a catoblepas (16 damage)
             ... while petrified by you
             ... on level 4 of the Lair of Beasts.
             The game lasted 00:41:37 (17578 turns).

HAL9000 the Fighter (Red Draconian Transmuter)     Turns: 17578, Time: 00:41:38

HP:   -4/112 (113)  AC: 12    Str: 13    XL:     12   Next: 70%
MP:   17/21         EV:  2    Int: 17    God:    Ru [......]
Gold: 529           SH:  0    Dex: 13    Spells: 8/24 levels left

rFire    + . .     SeeInvis .     - Unarmed
rCold    . . .     Gourm    .   (shield currently unavailable)
rNeg     + + +     Faith    .   (armour unavailable)
rPois    ∞         Spirit   .   D - +2 hat
rElec    .         Reflect  .   x - +0 cloak
rCorr    .         Harm     .   (gloves currently unavailable)
MR       .....                  t - +0 pair of boots
Stlth    +.........             (no amulet)
HPRegen  0.28/turn              A - ring of poison resistance
MPRegen  0.17/turn              P - +1 ring of evasion

@: blade hands (expiring), petrified
A: breathe fire, unfitting armour, fire resistance 1, cold-blooded, AC +8
a: Breathe Fire, End Transformation, Sacrifice Stealth, Sacrifice an Eye,
Sacrifice Purity, Reject Sacrifices, Renounce Religion


You were on level 4 of the Lair of Beasts.
You worshipped Ru.
Ru was noncommittal.
You were hungry.
You had blades for hands.
You visited 3 branches of the dungeon, and saw 15 of its levels.
You also visited: Ice Cave.

You collected 716 gold pieces.
You spent 187 gold pieces at shops.

Inventory:

Missiles
 a - 194 arrows
 w - 3 atropa-tipped darts
 E - a throwing net (quivered)
Armour
 t - a +0 pair of boots (worn)
 x - a +0 cloak (worn)
 y - a +0 shield
 D - a +2 hat (worn)
 I - a +2 pair of gloves of strength (melded)
Jewellery
 e - an uncursed amulet of guardian spirit
 A - a ring of poison resistance (left scythe-like blade)
 C - an uncursed ring of magical power
 P - a +1 ring of evasion (right scythe-like blade)
 S - an uncursed ring of see invisible
Wands
 l - a wand of polymorph (6)
 z - a wand of digging (9)
 G - a wand of enslavement (23)
 K - a wand of flame (22)
 L - a wand of random effects (18)
Scrolls
 f - 3 scrolls of enchant armour {unknown}
 g - 5 scrolls of amnesia
 i - a scroll of fog {unknown}
 j - 2 scrolls of magic mapping {unknown}
 k - 2 scrolls of fear
 m - 2 scrolls of immolation
 n - 10 scrolls of remove curse
 o - 2 scrolls of enchant weapon {unknown}
 u - 5 scrolls of teleportation
 v - 2 scrolls of blinking {unknown}
 N - a scroll of noise {unknown}
 Q - 3 scrolls of summoning {unknown}
Potions
 b - 3 potions of ambrosia
 d - a potion of berserk rage
 h - 2 potions of invisibility
 p - 4 potions of curing
 q - 3 potions of flight
 r - 2 potions of lignification
 s - 3 potions of agility
 B - a potion of magic {unknown}
 H - 2 potions of might
 J - a potion of mutation {unknown}
 M - a potion of heal wounds {unknown}
Miscellaneous
 F - a lamp of fire
 O - a box of beasts
Comestibles
 c - 21 rations


   Skills:
 - Level 12.4 Fighting
 + Level 10.5 Dodging
 - Level 10.0 Unarmed Combat
 - Level 6.5 Spellcasting
 - Level 10.1 Transmutations


You had 8 spell levels left.
You knew the following spells:

 Your Spells              Type           Power        Failure   Level  Hunger
a - Beastly Appendage     Tmut           #####.       9%          1    None
b - Sticks to Snakes      Tmut           #####...     10%         2    None
c - Spider Form           Tmut/Pois      ###.......   32%         3    ##.....
d - Blade Hands           Tmut           #####.....   34%         5    #####..
e - Yara's Violent Unrav  Hex/Tmut       ###.......   80%         5    #####..

Your spell library contained the following spells:

 Spells                   Type           Power        Failure   Level  Hunger
 Confusing Touch          Hex            #.....       50%         1    None
 Ice Form                 Ice/Tmut       ###.....     56%         4    ####...
 Petrify                  Tmut/Erth      ###.....     56%         4    ####...
 Confuse                  Hex            #.......     78%         3    ##.....
 Gell's Gravitas          Tloc           #.........   78%         3    ##.....
 Metabolic Englaciation   Hex/Ice        #.........   100%        5    #####..


Dungeon Overview and Level Annotations

Branches:
Dungeon (10/15)            Temple (1/1) D:4            Lair (4/6) D:10
  Swamp (0/4) Lair:3       Spider (0/4) Lair:2
    Orc: D:9-12

Altars:
Ashenzari
Cheibriados
Dithmenos
Elyvilon
Fedhas
Gozag
Hepliaklqana
Kikubaaqudgha
Makhleb
Nemelex Xobeh
Okawaru
Qazlal
Ru
Sif Muna
Trog
Uskayaw
Vehumet
Wu Jian
Xom
Yredelemnul
Zin
The Shining One

Shops:
D:4 [   D:7 (   D:8 =   D:9 [   D:10 [*[:

Annotations:
D:3 3 runed translucent doors, xoxolimbo's ghost, amateur DsFE


Innate Abilities, Weirdness & Mutations

You can breathe blasts of fire.
Your fiery red scales are hard. (AC +8)
You cannot fit into any form of body armour.
Your flesh is heat resistant. (rF+)
You are cold-blooded and may be slowed by cold attacks.


Message History

The wolf is moving more slowly.
The wolf bites you!
The catoblepas gores you but does no damage.
The wolf bites you but does no damage.
The catoblepas breathes a plume of calcifying dust at you.
The blast of calcifying dust hits you but does no damage.
The wolf bites you but does no damage.
You are engulfed in calcifying dust.
The wolf bites you. The catoblepas gores you!!
* * * LOW HITPOINT WARNING * * *
The wolf bites you but does no damage.
You are engulfed in calcifying dust.
The wolf bites you.
* * * LOW HITPOINT WARNING * * *
The catoblepas gores you!!
* * * LOW HITPOINT WARNING * * *
You are engulfed in calcifying dust.
The wolf bites you.
* * * LOW HITPOINT WARNING * * *
The wolf bites you!
* * * LOW HITPOINT WARNING * * *
The catoblepas gores you!!
You die...

#..# P.. #.....##..##.###
#..##.# #####.#.#.#### #
#...#.# #..#### ## #.†...#
#.## ##. #..#..# #..# #..
#..##÷# #.## #.. ...###.#####
###.########..
Yh..##......###.#...##.##...
Y.#..##.....Y@§§...........P..
. ...#....##h##..#..........##
...##.....#######...........#
#..†...# #............
#.........# #####......#.
.........P# ##.....#.
..........# ##..<.#.
.....PP..## ###..## .#.#PPP#.#
##.P#


You could see a catoblepas and a wolf (petrifying).

Vanquished Creatures
  5 death yaks
  2 two-headed ogres
  A fire crab (Lair:2)
  Pikel (D:7)
  A cyclops (D:10)
  A black mamba (Lair:2)
  2 centaur zombies (D:10)
  Psyche (D:10)
  7 spiny frogs
  Joseph (D:8)
  2 komodo dragons
  5 ice devils
  Prince Ribbit (D:9)
  A troll (D:10)
  3 blink frogs (Lair:1)
  A redback (Lair:2)
  20 yaks
  A steam dragon (D:8)
  2 hungry ghosts
  Menkaure (D:7)
  6 water moccasins
  4 porcupines
  A sky beast (D:9)
  3 black bears
  2 slaves (D:7)
  A necrophage (D:9)
  An ice beast (D:7)
  5 ogres
  A phantom (D:5)
  16 wolves
  2 centaurs
  3 crocodiles (Lair:1)
  3 big kobolds
  11 bullfrogs
  3 scorpions
  4 killer bees (D:7)
  5 wights (D:9)
  A howler monkey (D:5)
  2 jellies
  3 crimson imps
  2 centaur skeletons
  Crazy Yiuf (D:4)
  5 hounds
  2 bullfrog skeletons
  An orc priest (D:8)
  8 orc wizards
  A gnoll shaman (D:7)
  3 iguanas
  8 worker ants
  2 hell rats (Lair:3)
  A hound zombie (D:5)
  A hound skeleton (D:6)
  14 adders
  12 gnolls
  6 river rats (Lair:3)
  A shadow imp (D:9)
  12 white imps (Lair:3)
  2 dart slugs (D:1)
  4 leopard geckos
  31 orcs
  10 bats
  6 giant cockroaches
  4 goblins
  11 hobgoblins
  11 jackals
  22 kobolds
  5 quokkas
  3 ball pythons
  3 frilled lizards
  7 rats
335 creatures vanquished.

Vanquished Creatures (collateral kills)
  An adder (D:2)
  An orc (D:4)
2 creatures vanquished.

Vanquished Creatures (others)
  A slave (D:7)
  2 orcs
  2 hobgoblins (D:7)
  4 jackals (D:7)
  A kobold (D:7)
  2 fungi (Lair:1)
  7 plants
19 creatures vanquished.

Grand Total: 356 creatures vanquished

Notes
Turn   | Place    | Note
-------+----------+-------------------------------------------
     0 | D:1      | HAL9000 the Draconian Transmuter began the quest for the
                  | Orb.
     0 | D:1      | Reached XP level 1. HP: 16/16 MP: 3/3
   418 | D:1      | Reached XP level 2. HP: 22/23 MP: 3/5
  1200 | D:2      | Reached XP level 3. HP: 24/28 MP: 4/6
  1222 | D:2      | Learned a level 2 spell: Sticks to Snakes
  1226 | D:2      | Learned a level 3 spell: Spider Form
  1851 | D:2      | Reached XP level 4. HP: 31/35 MP: 7/7
  1927 | D:2      | Reached skill level 5 in Unarmed Combat
  2242 | D:3      | Found a runed translucent gate.
  2243 | D:3      | Found a runed translucent gate.
  2243 | D:3      | Noticed xoxolimbo's ghost (amateur DsFE)
  2243 | D:3      | Noticed a sky beast
  2247 | D:3      | Found a runed translucent gate.
  2413 | D:3      | Reached XP level 5. HP: 30/40 MP: 5/8
  3767 | D:4      | Noticed an ogre
  3812 | D:4      | Killed an ogre
  3812 | D:4      | Reached skill level 5 in Transmutations
  3812 | D:4      | Reached XP level 6. HP: 42/47 MP: 1/9
  3891 | D:4      | Found a snail-covered altar of Cheibriados.
  4061 | D:4      | Found a staircase to the Ecumenical Temple.
  4077 | Temple   | Entered the Ecumenical Temple
  4435 | D:4      | Found Iggymn's Antique Armour Shop.
  4635 | D:4      | Found a runed translucent door.
  4636 | D:4      | Noticed Crazy Yiuf
  4647 | D:4      | Killed Crazy Yiuf
  5001 | D:5      | Entered Level 5 of the Dungeon
  5144 | D:5      | Your scales start taking on a fiery red colour.
  5144 | D:5      | Reached XP level 7. HP: 44/52 MP: 8/10
  5144 | D:5      | Gained mutation: Your flesh is heat resistant. (rF+) [Red
                  | Draconian growth]
  5270 | D:5      | Found a shattered altar of Ashenzari.
  5271 | D:5      | Found a sacrificial altar of Ru.
  5271 | D:5      | Found an opulent altar of Gozag.
  5271 | D:5      | Found an iron altar of Okawaru.
  5289 | D:5      | Became a worshipper of Ru the Awakened
  5307 | D:5      | Found a burning altar of Makhleb.
  5307 | D:5      | Found a shimmering altar of Xom.
  5354 | D:5      | Found a basalt altar of Yredelemnul.
  5833 | D:5      | Found a glowing golden altar of the Shining One.
  6082 | D:5      | Found a stormy altar of Qazlal.
  6082 | D:5      | Found a hide-covered altar of Uskayaw.
  6083 | D:5      | Found a radiant altar of Vehumet.
  6300 | D:5      | Noticed a profane servitor
  6528 | D:6      | Reached XP level 8. HP: 41/59 MP: 7/11
  7019 | D:6      | Learned a level 5 spell: Blade Hands
  7586 | D:7      | Found Vilec's Weapon Emporium.
  7639 | D:7      | Reached skill level 10 in Transmutations
  7748 | D:7      | Reached skill level 12 in Fighting
  7748 | D:7      | Reached XP level 9. HP: 91/91 MP: 12/12
  7941 | D:7      | Noticed Menkaure
  7944 | D:7      | Killed Menkaure
  8463 | D:7      | Noticed Pikel
  8482 | D:7      | Killed Pikel
  8724 | D:7      | Reached XP level 10. HP: 95/99 MP: 13/16
  9234 | D:8      | Reached skill level 5 in Spellcasting
  9257 | D:8      | Found Paseuhud's Jewellery Shoppe.
  9467 | D:8      | Noticed a two-headed ogre
  9477 | D:8      | Killed a two-headed ogre
  9894 | D:8      | Noticed Joseph
  9911 | D:8      | Killed Joseph
 10076 | D:8      | Found a blossoming altar of Fedhas.
 10639 | D:9      | Noticed Prince Ribbit
 10762 | D:9      | Killed Prince Ribbit
 11032 | D:9      | Found Cyolisy's Antique Armour Shop.
 11036 | D:9      | Noticed a two-headed ogre
 11056 | D:9      | Killed a two-headed ogre
 11555 | D:10     | Entered Level 10 of the Dungeon
 11555 | D:10     | Found Opny's Antique Armour Shoppe.
 11559 | D:10     | Noticed Psyche
 11565 | D:10     | Killed Psyche
 11565 | D:10     | Reached XP level 11. HP: 71/104 MP: 20/20
 11949 | D:10     | Found Kitt's General Store.
 12140 | D:10     | Found Qanlij Soi's Antique Armour Shop.
 12144 | D:10     | Bought a pair of runed gloves for 187 gold pieces
 12220 | D:10     | Found Queplaos's Book Shoppe.
 12272 | D:10     | Found a sacrificial altar of Ru.
 12302 | D:10     | Noticed a death yak
 12306 | D:10     | Noticed a death yak
 12312 | D:10     | Noticed a death yak
 12314 | D:10     | Noticed a death yak
 12317 | D:10     | Noticed a death yak
 12334 | D:9      | Killed a death yak
 12460 | D:10     | Found a staircase to the Lair.
 12498 | Lair:1   | Entered Level 1 of the Lair of Beasts
 13171 | Lair:1   | Reached skill level 10 in Unarmed Combat
 14037 | Lair:1   | Learned a level 5 spell: Yara's Violent Unravelling
 14141 | Lair:2   | Reached skill level 5 in Dodging
 14191 | Lair:2   | Found a hole to the Spider Nest.
 14966 | Lair:2   | Noticed a fire crab
 14977 | Lair:1   | Reached XP level 12. HP: 97/112 MP: 21/21
 15385 | Lair:3   | Found a staircase to the Swamp.
 15700 | Lair:3   | Found a frozen archway.
 15814 | IceCv    | Entered an ice cave
 16749 | Lair:4   | Noticed a death yak
 16750 | Lair:4   | Noticed a death yak
 16758 | Lair:4   | Killed a death yak
 16765 | Lair:4   | Killed a death yak
 17002 | Lair:4   | Noticed a death yak
 17003 | Lair:4   | Noticed a death yak
 17016 | Lair:4   | Killed a death yak
 17026 | Lair:4   | Killed a death yak
 17038 | Lair:4   | Reached skill level 10 in Dodging
 17557 | Lair:4   | Noticed a catoblepas
 17578 | Lair:4   | Slain by a catoblepas

Levels and vault maps discovered:
D:1:      shiori_angband_town, layout_basic
D:2:      layout_loops_ring
D:3:      layout_basic, first_ration, gammafunk_ghost_split,
          chequers_serial_rivers_micro_c, minmay_tree_intersection
D:4:      layout_basic, old_standard_altar, minmay_temple_entry_ruins,
          serial_shops, kennysheep_mini, uniq_crazy_yiuf_cottage
D:5:      layout_loops_cross, grunt_temple_overflow_holy_war,
          minmay_overflow_temple_hex,
          chequers_temple_overflow_statue_of_worship,
          minmay_misc_feat_more_columns, minmay_crystal_water
D:6:      layout_basic
D:7:      corexii_shantytown, layout_basic, serial_shops, shop, uniq_pikel,
          uniq_menkaure
D:8:      kennysheep_blocky_hall, layout_basic, fedhas_altar_4, serial_shops,
          nicolae_shop_crystal, grunt_ogre_cave, uniq_joseph
D:9:      layout_rooms, serial_shops, nicolae_shop_statue_plus,
          uniq_prince_ribbit1
D:10:     layout_roguey, dpeg_lair_monsters, serial_shops,
          nicolae_shop_statue_plus, shop_statue,
          nicolae_shop_overgrown_old_shop, nicolae_shop_crystal,
          nicolae_ru_awakened_eye, uniq_psyche
Temple:   jpeg_temple_island
Lair:1:   layout_regular_city, lemuel_fruit_fields, grunt_megastairs_3,
          serial_bayou_shore_b
Lair:2:   layout_gridlike, spider_nest_entry_a, minmay_stone_trees_small
Lair:3:   layout_big_grid, swamp_mist, portal_ice_cave_entry_imps,
          kennysheep_rathole
Lair:4:   beast_lair_carwin_large_1, layout_small_grid, forest_entry_grove,
          grunt_megastairs_2

Skill      XL: |  1  2  3  4  5  6  7  8  9 10 11 12 |
---------------+-------------------------------------+-----
Unarmed Combat | 4 5 7 10 | 10.0
Transmutations | 3 5 6 8 10 | 10.1
Fighting       | 12 | 12.4
Spellcasting   | 4 6 |  6.5
Dodging        | 6 10 | 10.5

Action                   |  1- 3 |  4- 6 |  7- 9 | 10-12 || total
-------------------------+-------+-------+-------+-------++-------
Melee: Unarmed           |   137 |   233 |   246 |   495 ||  1111
       Headbutt          |     8 |     9 |     6 |       ||    23
       Tailslap          |     5 |    23 |    15 |    44 ||    87
       Kick              |     3 |       |       |       ||     3
       Punch             |       |     2 |     8 |    14 ||    24
Throw: Throwing net      |       |       |     1 |       ||     1
 Cast: Beastly Appendage |    16 |    19 |     8 |       ||    43
       Sticks to Snakes  |     1 |     6 |       |    13 ||    20
       Spider Form       |       |     3 |     8 |       ||    11
       Blade Hands       |       |       |     8 |    68 ||    76
Invok: Reject Sacrifices |       |       |       |     1 ||     1
 Abil: Breathe Fire      |       |       |    11 |     4 ||    15
       End Transformatio |       |       |     1 |       ||     1
  Use: Potion            |       |     2 |     1 |       ||     3
       Scroll            |       |       |    11 |     5 ||    16
 Stab: Sleeping          |       |     1 |     2 |       ||     3
       Invisible         |       |     2 |       |       ||     2
  Eat: Chunk             |     3 |    12 |    13 |    37 ||    65
       Ration            |       |       |     2 |     4 ||     6
Armor: Skin              |    75 |    77 |    75 |   137 ||   364
Dodge: Dodged            |   109 |   182 |   189 |   292 ||   772

Table legend:
 A = Non-vault XP
 B = Vault XP
 C = Vault XP percentage of total XP
 D = Non-vault monster count
 E = Vault monster count
 F = Vault count percentage of total count
                 A         B        C        D         E       F
            +---------+---------+-------+---------+---------+-------
      Total |   18657 |   12525 |  40.2 |     262 |      73 |  21.8
            +---------+---------+-------+---------+---------+-------
        D:1 |      37 |       0 |   0.0 |      20 |       0 |   0.0
        D:2 |      70 |       0 |   0.0 |      23 |       0 |   0.0
        D:3 |     130 |       0 |   0.0 |      16 |       0 |   0.0
        D:4 |     370 |      42 |  10.2 |      14 |       1 |   6.7
        D:5 |     649 |       0 |   0.0 |      24 |       0 |   0.0
        D:6 |     737 |       0 |   0.0 |      25 |       0 |   0.0
        D:7 |     731 |     901 |  55.2 |      20 |      18 |  47.4
        D:8 |    1793 |     767 |  30.0 |      19 |       4 |  17.4
        D:9 |    2044 |    1183 |  36.7 |      33 |       2 |   5.7
       D:10 |    1799 |     434 |  19.4 |      14 |       1 |   6.7
     Lair:1 |    3164 |    1633 |  34.0 |      19 |       8 |  29.6
     Lair:2 |    3969 |     225 |   5.4 |      18 |       1 |   5.3
     Lair:3 |    1058 |    1293 |  55.0 |       4 |      24 |  85.7
     Lair:4 |    2106 |    5437 |  72.1 |      13 |      12 |  48.0
      IceCv |       0 |     610 | 100.0 |       0 |       2 | 100.0
            +---------+---------+-------+---------+---------+-------
